 Dungeon Crawl Stone Soup version 0.30.1-4-g462c640d31 (webtiles) character file.

Game seed: 9103496143108459754

33 Mahound the Chiller (level 3, 0/26 HPs)
             Began as a Draconian Ice Elementalist on Aug 12, 2023.
             Slain by a sleepcap (2 damage)
             ... on level 3 of the Dungeon.
             The game lasted 00:02:12 (644 turns).

Mahound the Chiller (Draconian Ice Elementalist)     Turns: 644, Time: 00:02:13

Health: 0/26       AC:  5    Str: 10    XL:     3   Next: 12%
Magic:  1/6        EV: 12    Int: 17    God:
Gold:   65         SH:  0    Dex: 11    Spells: 2/6 levels left

rFire   . . .        (no weapon)
rCold   . . .        (no shield)
rNeg    . . .        (body armour unavailable)
rPois   .            (helmet restricted)
rElec   .            (no cloak)
rCorr   .            (no gloves)
SInv    .            (no boots)
Will    .....        (no amulet)
Stlth   ++           (no ring)
HPRegen 0.24/turn    (no ring)
MPRegen 0.10/turn

%: no passive effects
@: mighty, invisible
A: AC +5, unfitting armour, cold-blooded
a: no special abilities


You were on level 3 of the Dungeon.
You visited 1 branch of the dungeon, and saw 3 of its levels.

You collected 65 gold pieces.

Inventory:

Jewellery
 f - a ring of flight
Scrolls
 b - a scroll of teleportation {unknown}
 d - a scroll of poison {unknown}
 e - a scroll of vulnerability {unknown}
 g - a scroll of identify {unknown}
Potions
 a - a potion of invisibility


   Skills:
 * Level 1.9 Dodging
 * Level 1.9 Stealth
 * Level 2.3 Spellcasting
 * Level 4.6 Ice Magic


You had 2 spell levels left.
You knew the following spells:

 Your Spells              Type           Power      Damage    Failure   Level
a - Freeze                Ice            68%        1d8       2%          1
b - Frozen Ramparts       Ice            34%        1d6       9%          3

Your spell library contained the following spells:

 Spells                   Type           Power      Damage    Failure   Level
 Ozocubu's Armour         Ice            17%        N/A       9%          3
 Summon Ice Beast         Ice/Summ       9%         N/A       56%         4


Dungeon Overview and Level Annotations

Branches:
Dungeon (3/15)

Altars:


Innate Abilities, Weirdness & Mutations

Your plain brown scales are hard. (AC +5)
You cannot fit into any form of body armour.
You are cold-blooded and may be slowed by cold attacks.


Message History

You freeze the sleepcap.
The sleepcap is moderately damaged.
The wall freezes the sleepcap but does no damage.
The sleepcap releases spores at you but does no damage.
You don't have enough magic to cast this spell.
You don't have enough magic to cast this spell.
Unknown command.
You hit the sleepcap.
The sleepcap is moderately damaged.
The wall freezes the sleepcap but does no damage.
The sleepcap releases spores at you.
You hit the sleepcap but do no damage. You tail-slap the sleepcap.
The sleepcap is moderately damaged.
The wall freezes the sleepcap.
The sleepcap releases spores at you.
You are engulfed in a cloud of soporific spores!
You fall asleep.
The wall freezes the sleepcap but does no damage.
The sleepcap releases spores at you!!
You wake up.
Ouch! That really hurt!
* * * LOW HITPOINT WARNING * * *
You are engulfed in a cloud of soporific spores!
You are unaffected.
Unknown command.
It was a potion of invisibility.
You fade into invisibility!
The frozen ramparts melt away.
The sleepcap misses you.
It was a potion of might.
You feel very mighty all of a sudden. The sleepcap misses you.
You catch the helpless sleepcap completely off-guard!
You hit the sleepcap. You tail-slap the sleepcap.
The sleepcap is heavily damaged.
The sleepcap completely misses you.
You hit the sleepcap.
The sleepcap is heavily damaged.
The sleepcap misses you.
You hit the sleepcap. You tail-slap the sleepcap.
The sleepcap is severely damaged.
The sleepcap releases spores at you.
You die...

#. [# .. #. #.
... #.## ...
#..# .... #@#
#.... #f#
#....###.#####
.............#
.....J.....#.##
..........>$..#
.####.....##....
#.....# .### .
#.....##.## .#


You could see a sleepcap (unable to see you).

Vanquished Creatures
  An adder (D:2)
  A worm (D:2)
  2 dart slugs (D:1)
  A ball python (D:2)
  3 endoplasms
  2 giant cockroaches
  A goblin (D:1)
  A hobgoblin (D:1)
  A quokka (D:3)
  2 bats (D:1)
  A rat (D:1)
16 creatures vanquished.

Notes
Turn   | Place    | Note
-------+----------+-------------------------------------------
     0 | D:1      | Mahound the Draconian Ice Elementalist began the quest for
                  | the Orb.
     0 | D:1      | Reached XP level 1. HP: 14/14 MP: 3/3
   215 | D:1      | Reached XP level 2. HP: 19/20 MP: 1/5
   422 | D:2      | Reached XP level 3. HP: 20/26 MP: 0/6
   426 | D:2      | Learned a level 3 spell: Frozen Ramparts
   639 | D:3      | HP: 1/26 [sleepcap (20)]
   644 | D:3      | Slain by a sleepcap

Illustrated notes

Levels and vault maps discovered:
D:1:      scummos_arrival_gate, layout_loops_ring
D:2:      layout_basic
D:3:      minmay_bubble_buster, layout_basic, uniq_robin

Action                     || total
---------------------------++-------
  Melee: Unarmed           ||     8
         Tailslap          ||     4
   Cast: Freeze            ||    30
         Frozen Ramparts   ||     1
    Use: Potion            ||     3
   Stab: Invisible         ||     1
 Armour: Skin              ||     9
  Dodge: Dodged            ||    19
